AoeStats
← kkkg

Arena

505407794Analyzed
1v1 RM · 23d ago on Sep 9, 2026· 45m 1s· 2 players
Game mode
Random Map
Map size
Tiny (2 player)
Population
200
Speed
Normal
Resources
Standard
Victory
Conquest
Starting age
Dark Age
Ending age
Imperial Age
RankedLock teamsTeams togetherTeam positionsShared explorationLock speedFull tech treeHidden civsTurbo modeCheats
Victory
Defeat
🇨🇳 Bulgarians · China
930
+17
🇦🇹 Spanish · Austria
956
-17
kkkg
10:06 Feudal Age
11:29 Double-Bit Axe
14:04 Castle Age
15:58 Wheelbarrow
15:37 Bow Saw
15:10 Horse Collar
22:37 Hand Cart
25:32 Gold Mining
27:34 Gold Shaft Mining
26:50 Stone Mining
27:20 Forging
27:11 Scale Mail Armor
30:12 Imperial Age
27:55 Squires
27:42 Gambesons
27:43 Arson
27:52 Gambesons
28:09 Arson
28:43 Chain Mail Armor
29:04 Iron Casting
28:36 Scale Barding Armor
28:48 Loom
29:08 Town Watch
29:42 Fletching
29:53 Padded Archer Armor
30:15 Heavy Plow
31:13 Stone Shaft Mining
31:28 Town Patrol
31:55 Conscription
31:06 Capped Ram
32:33 Crop Rotation
31:33 Elite Skirmisher
32:01 Siege Ram
33:27 Thumb Ring
34:26 Chemistry
33:48 Ballistics
34:20 Bagains
36:20 Leather Archer Armor
36:00 Bodkin Arrow
37:06 Blast Furnace
36:37 Plate Mail Armor
36:37 Stirrups
38:18 Pikeman
40:05 Bracer
40:27 Chain Barding Armor
40:04 Halberdier
Kitty With A Relic
12:32 Feudal Age
16:50 Castle Age
15:03 Double-Bit Axe
15:17 Horse Collar
23:06 Gold Mining
24:40 Wheelbarrow
25:26 Bow Saw
25:34 Heavy Plow
28:48 Hand Cart
32:52 Imperial Age
30:09 Loom
30:52 Bloodlines
30:43 Husbandry
32:02 Inquisition
32:19 Stone Mining
34:17 Hoardings
34:56 Two-Man Saw
34:33 Stone Shaft Mining
34:35 Conscription
34:45 Conscription
33:57 Sappers
34:46 Cavalier
35:32 Scale Barding Armor
35:38 Forging
35:20 Fletching
35:56 Paladin
37:25 Block Printing
37:46 Theocracy
37:37 Illumination
37:51 Chain Barding Armor
38:07 Iron Casting
37:33 Padded Archer Armor
37:29 Bodkin Arrow
39:56 Fervor
40:07 Sanctity
41:47 Plate Barding Armor
41:28 Leather Archer Armor
42:13 Blast Furnace
41:14 Bracer
41:54 Supremacy
44:38 Elite Conquistador
Connection lost

Rejoining the realm…

Still unreachable

The connection could not be restored.

Session expired

The server has moved on; the page needs a fresh start.